 Dungeon Crawl Stone Soup version 0.31.0-2-g5a2aebc5c2 (webtiles) character file.

Game seed: 6081328514643407734

87 olmar the Digger (level 4, -1/25 HPs)
             Began as a Gargoyle Earth Elementalist on Jan 21, 2024.
             Shot with a sling bullet by a goblin (6 damage)
             ... on level 4 of the Dungeon.
             The game lasted 00:02:42 (2630 turns).

olmar the Digger (Gargoyle Earth Elementalist)      Turns: 2630, Time: 00:02:42

Health: -1/25      AC:  5    Str: 11    XL:     4   Next: 51%
Magic:  4/8        EV:  6    Int: 18    God:
Gold:   98         SH:  0    Dex: 10    Spells: 8/9 levels left

rFire   . . .        (no weapon)
rCold   . . .        (no shield)
rNeg    + . .        a - +0 robe
rPois   ∞            (no helmet)
rElec   +            (no cloak)
rCorr   .            (no gloves)
SInv    .            (no boots)
Will    .....        (no amulet)
Stlth   ++           (no ring)
HPRegen 0.24/turn    (no ring)
MPRegen 0.11/turn

%: no passive effects
@: held
A: sickness immunity, AC +3, negative energy resistance 1, electricity
resistance, torment resistance 1, petrification resistance
a: no special abilities


You were on level 4 of the Dungeon.
You visited 1 branch of the dungeon, and saw 4 of its levels.

You collected 98 gold pieces.

Inventory:

Armour
 a - a +0 robe (worn)
Magical Staves
 t - a staff of alchemy
Jewellery
 g - a ring of protection from fire
Wands
 s - a wand of polymorph (2)
Scrolls
 c - 2 scrolls of identify {unknown}
 e - 2 scrolls of immolation {unknown}
 f - 2 scrolls of poison {unknown}
 h - 2 scrolls of blinking {unknown}
 j - a scroll of acquirement {unknown}
 l - a scroll of teleportation {unknown}
 n - a scroll of silence {unknown}
 p - a scroll of revelation {unknown}
 r - a scroll of amnesia {unknown}
Potions
 b - a potion of magic
 d - 4 potions of curing {unknown}
 i - a potion of degeneration {unknown}
 k - a potion of berserk rage {unknown}
 m - a potion of enlightenment {unknown}
 o - a potion of might {unknown}
 q - a potion of mutation {unknown}


   Skills:
 + Level 1.0 Fighting
 - Level 1.6 Dodging
 - Level 2.2 Stealth
 + Level 3.3 Spellcasting
 + Level 1.2 Conjurations
 + Level 4.7 Earth Magic


You had 8 spell levels left.
You knew the following spells:

 Your Spells              Type           Power      Damage    Failure   Level
a - Sandblast             Erth           38%        2d10      2%          1

Your spell library contained the following spells:

 Spells                   Type           Power      Damage    Failure   Level
 Passwall                 Erth           19%        N/A       7%          3
 Stone Arrow              Conj/Erth      26%        3d8       14%         3
 Brom's Barrelling Bould  Conj/Erth      13%        2d4       43%         4
 Petrify                  Alch/Erth      11%        N/A       52%         4


Dungeon Overview and Level Annotations

Branches:
Dungeon (4/15)
 Temple: D:4-7

Altars:

Shops:
D:1 :*   D:3 [[


Innate Abilities, Weirdness & Mutations

You are immune to sickness and miasma.
Your stone body is resilient. (AC +3)
You are immune to poison.
You resist negative energy. (rN+)
You are resistant to electric shocks. (rElec)
You are resistant to unholy torment.
You are immune to petrification.


Message History

You can't see any susceptible monsters within range! (Use Z to cast anyway.)
The blast of sand hits the gnoll!
The gnoll is almost dead.
The goblin shoots a sling bullet.
The sling bullet hits you.
The goblin shoots a sling bullet.
The sling bullet barely misses you.
The blast of sand hits the gnoll but does no damage.
The gnoll is almost dead.
A gnoll comes into view.
It is wielding a +0 club and quivering 2 throwing nets.
The goblin shoots a sling bullet.
The sling bullet barely misses you.
The gnoll hits you from afar with a +0 halberd!
The gnoll shouts!
Aiming: Sandblast (safe; 2% risk of failure)
Press: ? - help, Q - select action, (/) - cycle Shift-Dir - straight line, f/p - gnoll
Aim: a gnoll, wielding a +0 halberd and wearing a ring of protection from fire (almost dead, 84% to hit)
The blast of sand misses the gnoll.
The goblin shoots a sling bullet.
The sling bullet misses you.
The gnoll hits you from afar with a +0 halberd!
* * * LOW HITPOINT WARNING * * *
Aiming: Sandblast (safe; 2% risk of failure)
Press: ? - help, Q - select action, (/) - cycle Shift-Dir - straight line, f/p - gnoll
Aim: a gnoll, wielding a +0 halberd and wearing a ring of protection from fire (almost dead, 84% to hit)
The blast of sand hits the gnoll!
You kill the gnoll!
An adder comes into view.
The goblin shoots a sling bullet.
The sling bullet hits you.
* * * LOW HITPOINT WARNING * * *
The gnoll throws a throwing net.
The throwing net barely misses you.
The adder moves out of view.
You hear an angry hiss.
The goblin shoots a sling bullet.
The sling bullet hits you but does no damage.
The gnoll throws a throwing net.
The throwing net hits you.
You become entangled in the net!
You see here a throwing net.
Unknown command.
You struggle against the net.
The goblin shoots a sling bullet.
The sling bullet barely misses you.
You struggle against the net.
The goblin shoots a sling bullet.
The sling bullet hits you.
You die...

..........# #.........#.
#.......... .........# ###
#......# ####.## ...
#.g....# ##.....#
....#......###..<...####
.....g..†)†..##.........#
...#..S.....@#..........##
. #.....................#
##..?..)†.............#
###......(...........#
#...........##...###
#....##......#...#
....#..#.......#.###
.................#
.............##....


You could see a gnoll, an adder and a goblin.

Vanquished Creatures
  A gnoll (D:4)
  An adder (D:3)
  2 ufetubi (D:3)
  A ribbon worm (D:2)
  3 dart slugs
  2 orcs
  9 bats
  An endoplasm (D:3)
  3 goblins
  5 hobgoblins
  5 kobolds
  2 quokkas
  4 ball pythons
  4 frilled lizards
  5 rats
48 creatures vanquished.

Notes
Turn   | Place    | Note
-------+----------+-------------------------------------------
     0 | D:1      | olmar the Gargoyle Earth Elementalist began the quest for
                  | the Orb.
     0 | D:1      | Reached XP level 1. HP: 10/10 MP: 3/3
   187 | D:1      | Found Ehesuere's Assorted Antiques.
   219 | D:1      | Reached XP level 2. HP: 15/15 MP: 1/5
   234 | D:1      | Reached skill level 4 in Earth Magic
   333 | D:1      | Found Cushrarph's Vocational Training.
  1240 | D:2      | Reached XP level 3. HP: 19/19 MP: 4/6
  2038 | D:3      | Reached skill level 1 in Fighting
  2084 | D:3      | Found Nienn's Antique Armour Boutique.
  2147 | D:3      | Found Gudiesetis's Armour Boutique.
  2187 | D:3      | Reached XP level 4. HP: 18/25 MP: 4/8
  2630 | D:4      | Shot with a sling bullet by a goblin

Illustrated notes

Levels and vault maps discovered:
D:1:      lemuel_arrival_broad_hall, layout_basic, serial_shops,
          nicolae_shop_pleasant_corner_grove, st_stairs_7, chequers_arboretum,
          nicolae_shop_vocational
D:2:      layout_basic, dk_noncrumbling_4
D:3:      layout_rooms, serial_shops, shop, shop
D:4:      minmay_chambers_of_twos, layout_cave_pools, chequers_garden

Skill      XL: |  1  2  3  4 |
---------------+-------------+-----
Earth Magic    | 4 |  4.7
Fighting       | 1 |  1.0
Spellcasting   | 3 |  3.3
Dodging        | |  1.6
Stealth        | |  2.2
Conjurations   | |  1.2

Action                     |  1- 3 |  4- 6 || total
---------------------------+-------+-------++-------
  Melee: Unarmed           |     4 |       ||     4
   Cast: Sandblast         |    54 |    17 ||    71
 Armour: Robe              |    18 |    11 ||    29
  Dodge: Dodged            |    20 |     7 ||    27
